Map: Orbital Shipyard

Players

Mercer

  • Race: Protoss Protoss
  • League: Diamond

LindyHop - Winner!

  • Race: Zerg Zerg
  • League: Platinum

VOD

Have the link to the VOD?

Description

Time

  • Played on: Dec. 10, 2015, 9:42 p.m.
  • Length: 17:42
Show
View Real Time Build Order
Export as new Build Order

Mercer Protoss 

Build Orders: Nexus First, Phoenix Opening 

Get SALT Encoding   

  12  0:02  Probe (Chrono Boost)  
  13  0:12  Probe (Chrono Boost)  
  14  0:23  Probe (Chrono Boost), Pylon  
  15  0:41  Probe (Chrono Boost)  
  16  0:52  Probe (Chrono Boost)  
  17  0:59  Nexus  
  17  1:03  Probe (Chrono Boost)  
  18  1:13  Gateway  
  18  1:15  Probe (Chrono Boost)  
  19  1:23  Assimilator  
  20  1:25  Probe (Chrono Boost)  
  20  1:31  Pylon  
  20  1:36  Probe (Chrono Boost)  
  21  1:40  Assimilator  
  21  1:50  Probe (Chrono Boost)  
  22  2:00  Probe (Chrono Boost)  
  25  2:01  Zealot  
  25  2:05  Cybernetics Core  
  25  2:11  Probe x2 (Chrono Boost)  
  27  2:21  Probe (Chrono Boost)  
  27  2:22  Probe (Chrono Boost)  
  29  2:32  Probe x2 (Chrono Boost)  
  31  2:42  Stargate  
  31  2:43  Probe x2 (Chrono Boost)  
  33  2:53  Probe (Chrono Boost)  
  33  2:54  Stalker  
  33  2:55  Warp Gate  
  33  2:58  Probe (Chrono Boost)  
  37  3:04  Probe (Chrono Boost)  
  38  3:09  Probe (Chrono Boost)  
  39  3:14  Probe (Chrono Boost)  
  39  3:16  Pylon  
  39  3:19  Probe (Chrono Boost)  
  41  3:25  Probe (Chrono Boost), Phoenix  
  44  3:30  Probe (Chrono Boost)  
  44  3:31  Assimilator  
  45  3:36  Mothership Core (Chrono Boost)  
  45  3:40  Probe (Chrono Boost)  
  48  3:49  Assimilator  
  48  3:51  Probe (Chrono Boost), Phoenix (Chrono Boost)  
  48  3:54  Nexus  
  51  4:03  Pylon  
  51  4:05  Pylon  
  51  4:10  Probe  
  51  4:11  Probe, Pylon  
  53  4:21  Phoenix (Chrono Boost)  
  53  4:23  Probe  
  56  4:28  Gateway  
  56  4:29  Gateway  
  56  4:33  Probe  
  56  4:35  Probe  
  58  4:43  Probe, Phoenix (Chrono Boost)  
  61  4:47  Probe  
  62  4:54  Probe  
  63  5:05  Phoenix (Chrono Boost)  
  65  5:23  Probe  
  65  5:24  Probe  
  67  5:28  Assimilator  
  67  5:33  Probe, Assimilator  
  67  5:34  Robotics Facility  
  68  5:36  Probe  
  69  5:44  Probe  
  69  5:48  Gateway, Probe  
  69  5:49  Gateway  
  71  5:53  Stalker x3, Forge  
  71  5:54  Probe  
  71  5:55  Forge  
  78  5:57  Twilight Council  
  78  6:00  Probe  
  79  6:05  Probe  
  80  6:31  Stalker x2  
  84  6:34  Immortal  
  84  6:36  Protoss Ground Armor Level 1 (Chrono Boost)  
  84  6:37  Protoss Ground Weapons Level 1 (Chrono Boost)  
  84  6:39  Blink (Chrono Boost)  
  88  6:48  Probe  
  88  6:49  Probe  
  88  6:53  Stalker  
  92  6:59  Probe, Pylon  
  93  7:01  Pylon  
  93  7:04  Pylon  
  93  7:07  Pylon  
  93  7:09  Probe  
  93  7:14  Pylon  
  92  7:17  Immortal  
  92  7:21  Adept x2  
  92  7:22  Adept x3, Robotics Bay  
  106  7:27  Probe  
  106  7:28  Probe  
  106  7:29  Pylon  
  108  7:33  Gateway  
  108  7:36  Gateway  
  108  7:37  Probe  
  108  7:39  Gateway  
  108  7:40  Probe  
  110  7:44  Dark Shrine  
  110  7:47  Adept x3  
  110  7:48  Probe, Adept x2  
  121  7:52  Probe  
  122  7:58  Warp Prism (Chrono Boost)  
  122  8:00  Probe  
  121  8:13  Protoss Ground Armor Level 2 (Chrono Boost)  
  121  8:16  Adept x3  
  121  8:17  Adept x2  
  131  8:28  Protoss Ground Weapons Level 2  
  131  8:30  Extended Thermal Lance  
  131  8:33  Colossus (Chrono Boost)  
  137  8:40  Resonating Glaives (Chrono Boost)  
  137  8:42  Stalker x2  
  137  8:46  Pylon  
  137  8:47  Pylon x2  
  141  8:50  Pylon  
  141  9:07  Dark Templar x5  
  141  9:08  Dark Templar x2  
  155  9:10  Zealot  
  155  9:13  Nexus  
  156  9:29  Colossus (Chrono Boost)  
  162  9:41  Adept x5  
  172  9:50  Probe  
  173  9:57  Archon  
  173  9:58  Archon x2  
  173  10:20  Protoss Ground Armor Level 3  
  173  10:27  Nexus  
  173  10:28  Pylon  
  173  10:29  Pylon  
  173  10:31  Pylon  
  173  10:32  Pylon  
  173  10:34  Pylon  
  173  10:46  Probe x2  
  173  10:47  Adept x2, Observer (Chrono Boost)  
  173  10:48  Adept x4  
  173  10:49  Adept x2  
  190  11:05  Observer (Chrono Boost)  
  163  11:13  Adept x2  
  163  11:14  Adept x5  
  163  11:15  Adept  
  77  11:53  Stalker x5  
  77  11:54  Stalker x3  
  91  12:06  Colossus (Chrono Boost)  
  97  12:15  Void Ray  
  101  12:17  Stalker x3  
  101  12:18  Stalker x5  
  117  12:44  Zealot x4  
  119  12:45  Zealot x4  
  131  12:57  Void Ray  
  121  12:58  Protoss Shields Level 1  
  121  13:05  Stalker  
  121  13:06  Stalker x3  
  121  13:07  Stalker x3  
  121  13:10  Assimilator  
  121  13:12  Protoss Ground Weapons Level 3  
  135  13:15  Assimilator  
  135  13:16  Gravitic Drive  
  135  13:23  Zealot  
  137  13:29  Zealot x4  
  137  13:30  Zealot x2  
  137  13:31  Zealot  
  124  13:53  Stalker x4  
  124  13:54  Stalker x3  
  124  13:55  Stalker  
  116  14:20  Stalker x4  
  116  14:21  Stalker x3  
  116  14:22  Stalker  
  124  14:46  Colossus (Chrono Boost)  
  124  14:48  Stalker x3  
  124  14:49  Stalker x5  
  140  15:20  Templar Archives  
  140  15:22  Nexus, Pylon  
  135  15:56  High Templar x2  
  123  15:57  High Templar x3  
  123  15:58  High Templar x3  
  123  16:03  Archon x2  
  123  16:04  Archon x2  
  100  16:53  Dark Templar  
Show
View Real Time Build Order
Export as new Build Order

LindyHop Zerg - Winner!

Build Orders: Hatch First 

Get SALT Encoding   

  12  0:01  Drone  
  13  0:12  Overlord  
  13  0:17  Drone  
  14  0:30  Drone x2  
  14  0:34  Drone  
  17  0:53  Hatchery  
  16  0:58  Drone  
  16  1:01  Drone  
  16  1:04  Extractor  
  17  1:06  Drone  
  18  1:21  Spawning Pool  
  18  1:23  Drone  
  18  1:28  Drone  
  19  1:41  Overlord  
  19  1:50  Drone  
  20  2:07  Metabolic Boost  
  20  2:08  Queen  
  20  2:09  Queen  
  24  2:18  Drone x2  
  26  2:24  Drone x2  
  28  2:34  Overlord  
  28  2:35  Drone  
  30  2:37  Drone  
  30  2:39  Drone  
  30  2:43  Drone  
  32  2:54  Drone x2  
  34  2:59  Zergling x2  
  34  3:05  Zergling x2  
  36  3:09  Drone  
  37  3:15  Drone  
  38  3:25  Drone x2  
  40  3:33  Roach Warren  
  39  3:46  Drone x3  
  39  3:47  Drone  
  43  3:49  Extractor  
  43  3:50  Drone  
  43  3:51  Hatchery  
  43  3:55  Drone x2  
  44  3:56  Overlord x2, Extractor  
  44  3:57  Overlord x2  
  43  4:07  Spore Crawler x2  
  43  4:09  Drone  
  42  4:13  Lair  
  42  4:23  Evolution Chamber x2  
  40  4:40  Drone  
  40  4:41  Drone x5  
  40  4:42  Drone x4  
  40  4:43  Drone  
  51  4:48  Zerg Missile Weapons Level 1  
  51  4:49  Zerg Ground Armor Level 1  
  51  4:59  Queen  
  50  5:14  Spore Crawler  
  50  5:20  Glial Reconstitution  
  48  5:23  Hydralisk Den  
  48  5:24  Drone x10  
  48  5:25  Extractor  
  56  5:38  Drone  
  56  5:39  Drone x8  
  65  5:53  Muscular Augments  
  65  6:03  Hydralisk  
  65  6:04  Hydralisk x4  
  65  6:06  Hydralisk  
  70  6:23  Hydralisk  
  71  6:27  Overlord x4  
  71  6:28  Overlord  
  71  6:44  Extractor  
  71  6:45  Extractor  
  69  6:48  Hydralisk  
  69  6:49  Zergling x2  
  69  6:50  Zergling x12  
  78  6:56  Zergling x2  
  78  6:57  Zergling x6  
  78  7:00  Zerg Ground Armor Level 2  
  78  7:01  Zerg Missile Weapons Level 2  
  82  7:03  Roach  
  82  7:23  Hydralisk  
  82  7:24  Hydralisk x2  
  88  7:32  Zergling x12  
  88  7:33  Zergling x6  
  97  7:41  Zergling x2  
  98  7:44  Roach  
  98  7:45  Roach  
  98  7:46  Zergling x2  
  103  7:55  Roach  
  105  8:00  Hatchery  
  102  8:19  Zergling x8  
  106  8:23  Overlord  
  106  8:24  Overlord x6  
  106  8:26  Spire  
  105  8:50  Hydralisk  
  105  8:51  Hydralisk x7  
  121  9:00  Hydralisk  
  121  9:01  Hydralisk  
  121  9:02  Hydralisk  
  124  9:03  Hydralisk  
  128  9:12  Hydralisk x2  
  128  9:13  Hydralisk x3  
  128  9:15  Zergling x2  
  128  9:16  Zergling x2  
  140  9:21  Hydralisk  
  140  9:22  Hydralisk  
  140  9:23  Hydralisk x3  
  149  9:42  Roach  
  149  9:43  Roach x5  
  161  9:54  Spire  
  161  9:58  Drone x7  
  167  10:00  Overlord x3  
  167  10:04  Extractor  
  166  10:08  Extractor  
  163  10:32  Roach  
  163  10:33  Roach x11  
  186  10:48  Corruptor  
  186  10:49  Corruptor  
  190  10:52  Overlord x4  
  190  11:10  Hydralisk x2  
  190  11:11  Hydralisk x5  
  128  11:25  Hydralisk x5  
  108  11:28  Hydralisk x3  
  106  11:35  Roach  
  98  11:46  Roach x4  
  96  11:47  Burrow  
  96  11:51  Overseer  
  96  11:56  Roach x4  
  102  12:02  Roach  
  102  12:03  Roach x2  
  108  12:10  Spore Crawler  
  108  12:11  Spine Crawler, Overseer  
  108  12:13  Roach  
  108  12:14  Roach x2  
  112  12:16  Zergling x2  
  112  12:20  Zergling x2  
  112  12:21  Drone  
  115  12:24  Zergling x2  
  115  12:25  Zergling x2  
  115  12:29  Zergling x2  
  118  12:40  Zergling x2  
  118  12:41  Zergling x6  
  122  12:51  Hydralisk  
  121  12:52  Mutalisk x4  
  121  12:57  Mutalisk  
  132  13:00  Mutalisk  
  132  13:03  Mutalisk  
  136  13:07  Mutalisk  
  138  13:15  Spine Crawler  
  138  13:19  Mutalisk x2  
  141  13:37  Mutalisk x2  
  141  13:38  Mutalisk x2  
  138  13:47  Hydralisk x2  
  132  13:51  Hydralisk  
  134  13:56  Mutalisk  
  134  14:02  Hydralisk  
  136  14:06  Hydralisk x2  
  141  14:12  Mutalisk  
  142  14:27  Hatchery  
  141  14:38  Roach x6  
  153  14:46  Zergling x6  
  153  14:51  Infestation Pit  
  155  14:54  Zergling x6  
  158  15:10  Mutalisk x4  
  158  15:11  Mutalisk  
  168  15:40  Hydralisk  
  168  15:41  Hydralisk x6  
  169  15:55  Overseer x2  
  162  16:31  Hydralisk  
  161  16:37  Zergling x2  
  162  17:01  Zergling x10  
Tags
 
Add a new tag
Caveats
  • Supply blocks, unpowered buildings, or Contaminate may cause inaccurate times.
  • Supply counts are checked every 10 seconds.